Sharks vs Flames

Created - 13 avril 2020 at 16:26

Goals
1 2 3 T
Sharks 0 3 0 3
Flames 0 1 0 1
Shots
1 2 3 T
Sharks 14 14 11 39
Flames 13 13 11 37

1st period

No Goal

Penalties :
No Penalty

2nd period

1. Sharks , Brandon Pirri 11 (Boone Jenner 13) at 0:41
2. Sharks , Andreas Johnsson 19 (Brandon Pirri 11, Justin Faulk 20) at 7:46
3. Sharks , Brandon Pirri 12 (Boone Jenner 14, Justin Faulk 21) at 15:38
4. Flames , Victor Hedman 5 (Drew Doughty 33) at 17:45

Penalties :
Anders Lee (CAL) for Roughing (Minor) at 7:49, Boone Jenner (SJS) for Roughing (Minor) at 18:37

3rd period

No Goal

Penalties :
Kevan Miller (CAL) for Interference (Minor) at 7:03

Goalie Stats

Jake Allen (SJS), 36 saves from 37 shots - (0,973), W, 8-6-2, 60:00 minutes
Carey Price (CAL), 36 saves from 39 shots - (0,923), L, 31-22-8, 60:00 minutes

Players Stats for Sharks

Player Name              G  A  P  +/- PIM S  H  SB GA TA FO     MP     PP MP  PK MP  
------------------------------------------------------------------------------------
Alex Pietrangelo         0  0  0   0  0   3  0  2  0  1  0/0    24:22   2:22   1:13 
Andreas Johnsson         1  0  1   3  0   3  1  0  0  0  0/0    14:27   0:00   0:00 
Boone Jenner             0  2  2   3  2   1  1  0  0  0  7/13   14:32   0:00   0:00 
Brandon Pirri            2  1  3   3  0   7  3  1  1  0  1/1    14:27   0:00   0:00 
Colton Sceviour          0  0  0   0  0   0  0  1  0  0  0/1     9:00   0:37   1:33 
Dylan Larkin             0  0  0  -1  0   1  0  0  2  1  10/16  19:25   2:06   0:00 
Gabriel Landeskog        0  0  0   0  0   2  2  0  1  0  1/1    17:19   1:52   0:00 
Jonathan Drouin          0  0  0  -1  0   0  3  1  1  0  0/0    18:20   1:01   0:00 
Jonathan Huberdeau       0  0  0   0  0   3  1  0  0  0  2/8    18:40   2:20   0:48 
Juho Lammikko            0  0  0   0  0   2  0  0  0  0  0/2     6:46   0:00   0:07 
Justin Braun             0  0  0   2  0   3  3  0  0  0  0/0    21:21   0:00   0:46 
Justin Faulk             0  2  2   0  0   1  2  5  1  0  0/0    22:56   1:36   0:46 
Michael Raffl            0  0  0   0  0   2  2  0  0  1  1/3     8:20   0:00   1:30 
Mirco Mueller            0  0  0   0  0   3  2  0  0  2  0/0    14:07   0:00   1:13 
Shea Theodore            0  0  0   0  0   0  0  0  2  0  0/0    14:47   2:22   0:00 
Sidney Crosby            0  0  0   0  0   2  1  0  3  0  17/25  17:33   2:06   0:00 
Teuvo Teravainen         0  0  0  -1  0   3  0  2  0  0  0/0    19:11   1:52   0:00 
Zach Werenski            0  0  0   2  0   3  1  2  0  4  0/0    22:27   1:36   0:00 

Players Stats for Flames

Player Name              G  A  P  +/- PIM S  H  SB GA TA FO     MP     PP MP  PK MP  
------------------------------------------------------------------------------------
Alex Chiasson            0  0  0   0  0   5  0  0  1  0  0/3    17:36   0:52   0:00 
Anders Lee               0  0  0   1  2   1  3  2  0  1  0/0    17:24   0:00   0:01 
Brandon Manning          0  0  0   0  0   0  0  2  0  1  0/0    13:33   0:00   0:44 
David Kampf              0  0  0  -2  0   1  0  3  0  0  3/10   14:31   0:00   1:11 
David Krejci             0  0  0   1  0   1  1  0  0  1  11/23  18:00   1:07   0:00 
David Savard             0  0  0  -2  0   1  1  2  0  3  0/0    22:54   0:41   2:11 
Drew Doughty             0  1  1  -2  0   3  1  3  1  0  0/0    26:58   1:18   1:42 
Jeff Carter              0  0  0   0  0   3  1  0  0  0  13/26  17:36   0:52   0:00 
Kevan Miller             0  0  0   0  2   0  1  0  1  0  0/0    14:00   0:00   1:02 
Leo Komarov              0  0  0  -1  0   0  1  0  0  0  0/0     8:45   0:00   2:10 
Nate Thompson            0  0  0  -1  0   1  1  0  2  0  2/3     8:55   0:00   2:10 
Nick Bjugstad            0  0  0  -2  0   3  1  0  0  0  0/1    13:20   0:00   0:00 
Nick Jensen              0  0  0   0  0   0  0  2  0  1  0/0    20:13   0:41   2:16 
Pavel Zacha              0  0  0   0  0   4  2  0  1  1  0/0    19:47   1:07   1:38 
Ryan Donato              0  0  0  -2  0   2  0  0  1  1  1/2    15:22   0:52   0:46 
Sam Reinhart             0  0  0   1  0   5  2  0  2  0  0/0    18:00   1:07   0:00 
Victor Hedman            1  0  1   0  0   7  1  2  0  2  0/0    22:31   1:18   0:01 
Victor Rask              0  0  0  -1  0   0  1  0  0  0  1/2     6:35   0:00   0:00 

3 Stars

1 - Brandon Pirri (SJS)
2 - Jake Allen (SJS)
3 - Andreas Johnsson (SJS)

Power Play

Sharks - 0 on 2 Attempt(s) - 0,00%
Flames - 0 on 1 Attempt(s) - 0,00%

Penalty Kill

Sharks - 1 on 1 Attempt(s) - 100,00% - Score 0 goal in Penalty Kill
Flames - 2 on 2 Attempt(s) - 100,00% - Score 0 goal in Penalty Kill

Team Stat

Sharks - Hits : 22 - Faceoff Wins : 39 - Blocked Shots : 14 - Penalty Minutes : 2
Flames - Hits : 17 - Faceoff Wins : 31 - Blocked Shots : 16 - Penalty Minutes : 4

Official

Referees : Ghislain Hebert and Marc Joannette
Linesman : Scott Driscoll and Brad Lazarowich

Game Notes

Brandon Manning is injured at 17:59 of 3rd period (Left Knee)

Finance

Level 1 -- Attendance: 4737 (78,95%) -- Ticket Income 473 700 $
Level 2 -- Attendance: 5000 (100,00%) -- Ticket Income 300 000 $
Level 3 -- Attendance: 2000 (100,00%) -- Ticket Income 70 000 $
Level 4 -- Attendance: 3791 (94,78%) -- Ticket Income 75 820 $
Luxury Box -- Attendance: 683 (68,30%) -- Ticket Income 136 600 $
Game was played at the Ghost Rider Center.
Total Attendance: 16211 (90,06%)
Total Ticket Income: 1 056 120 $
Other Income: 517 499 $
Total Income: 1 573 619 $

Sharks

5 vs 5 Forward 
   Center                   Left Wing                Right Wing               Time % Phy DF OF 
 1 Sidney Crosby            Gabriel Landeskog        Jonathan Huberdeau       35     1   1  3  
 2 Dylan Larkin             Teuvo Teravainen         Jonathan Drouin          35     1   1  3  
 3 Boone Jenner             Andreas Johnsson         Brandon Pirri            25     1   1  3  
 4 Juho Lammikko            Colton Sceviour          Michael Raffl            5      1   2  2  

5 vs 5 Defense 
   Defense                  Defense                                           Time % Phy DF OF 
 1 Alex Pietrangelo         Justin Faulk                                      38     1   2  2  
 2 Zach Werenski            Justin Braun                                      38     1   2  2  
 3 Mirco Mueller            Shea Theodore                                     24     1   2  2  
 4 Mirco Mueller            Alex Pietrangelo                                  0      0   3  2  

PowerPlay Forward 
   Center                   Left Wing                Right Wing               Time % Phy DF OF 
 1 Sidney Crosby            Jonathan Huberdeau       Dylan Larkin             60     0   2  3  
 2 Gabriel Landeskog        Teuvo Teravainen         Jonathan Huberdeau       40     0   2  3  

PowerPlay Defense
   Defense                  Defense                                           Time % Phy DF OF 
 1 Alex Pietrangelo         Shea Theodore                                     60     0   2  3  
 2 Zach Werenski            Justin Faulk                                      40     0   2  3  

Penalty Kill 4 Players Forward 
   Center                   Wing                     Time % Phy DF OF 
 1 Boone Jenner             Colton Sceviour          55     0   4  1  
 2 Juho Lammikko            Michael Raffl            45     0   4  1  

Penalty Kill 4 Players Defense
   Defense                  Defense                  Time % Phy DF OF 
 1 Mirco Mueller            Alex Pietrangelo         55     0   4  1  
 2 Justin Braun             Justin Faulk             45     0   4  1  

Penalty Kill - 3 Players Forward 
   Forward                                           Time % Phy DF OF 
 1 Boone Jenner                                      55     0   5  0  
 2 Colton Sceviour                                   45     0   5  0  

Penalty Kill - 3 Players Defense
   Defense                  Defense                  Time % Phy DF OF 
 1 Alex Pietrangelo         Justin Faulk             55     0   5  0  
 2 Justin Braun             Mirco Mueller            45     0   5  0  

4 vs 4 Forward 
   Center                   Wing                     Time % Phy DF OF 
 1 Sidney Crosby            Jonathan Huberdeau       55     0   2  3  
 2 Gabriel Landeskog        Dylan Larkin             45     0   2  3  

4 vs 4 Defense
   Defense                  Defense                  Time % Phy DF OF 
 1 Alex Pietrangelo         Justin Faulk             55     0   2  3  
 2 Mirco Mueller            Justin Braun             45     0   2  3  

Last Minutes Offensive
   Center                   Left Wing                Right Wing               Defense                  Defense                  
   Sidney Crosby            Jonathan Huberdeau       Gabriel Landeskog        Alex Pietrangelo         Justin Braun             

Last Minutes Defensive
   Center                   Left Wing                Right Wing               Defense                  Defense                  
   Sidney Crosby            Jonathan Huberdeau       Gabriel Landeskog        Alex Pietrangelo         Justin Braun             

Goaltenders
Starting : Jake Allen               
Backup : Darcy Kuemper            

Extra Forwards
Normal : Jonathan Drouin, Colton Sceviour, Michael Raffl - PP : Jonathan Drouin, Colton Sceviour - PK : Michael Raffl
Extra Defensemen
Normal : Mirco Mueller, Justin Braun, Alex Pietrangelo - PP : Mirco Mueller - PK : Justin Braun, Alex Pietrangelo
Penalty Shots
Sidney Crosby, Jonathan Huberdeau, Gabriel Landeskog, Dylan Larkin, Teuvo Teravainen
Custom OT Lines Forwards
Sidney Crosby, Jonathan Huberdeau, Gabriel Landeskog, Dylan Larkin, Teuvo Teravainen, Boone Jenner, Jonathan Drouin, Colton Sceviour, Michael Raffl, Andreas Johnsson
Custom OT Lines Defensemen
Alex Pietrangelo, Justin Braun, Zach Werenski, Justin Faulk, Mirco Mueller

Scratches
Mark Borowiecki (Healthy)

Flames

5 vs 5 Forward 
   Center                   Left Wing                Right Wing               Time % Phy DF OF 
 1 David Krejci             Anders Lee               Sam Reinhart             36     0   1  4  
 2 Jeff Carter              Pavel Zacha              Alex Chiasson            32     0   2  3  
 3 David Kampf              Ryan Donato              Nick Bjugstad            22     1   2  2  
 4 Victor Rask              Nate Thompson            Leo Komarov              10     1   3  1  

5 vs 5 Defense 
   Defense                  Defense                                           Time % Phy DF OF 
 1 David Savard             Drew Doughty                                      37     0   2  3  
 2 Victor Hedman            Nick Jensen                                       33     1   2  2  
 3 Brandon Manning          Kevan Miller                                      20     2   2  1  
 4 Drew Doughty             Victor Hedman                                     10     0   2  3  

PowerPlay Forward 
   Center                   Left Wing                Right Wing               Time % Phy DF OF 
 1 David Krejci             Pavel Zacha              Sam Reinhart             60     0   0  5  
 2 Jeff Carter              Ryan Donato              Alex Chiasson            40     0   1  4  

PowerPlay Defense
   Defense                  Defense                                           Time % Phy DF OF 
 1 Drew Doughty             Victor Hedman                                     60     0   1  4  
 2 Nick Jensen              David Savard                                      40     0   1  4  

Penalty Kill 4 Players Forward 
   Center                   Wing                     Time % Phy DF OF 
 1 Nate Thompson            Leo Komarov              60     1   4  0  
 2 David Kampf              Pavel Zacha              40     0   4  1  

Penalty Kill 4 Players Defense
   Defense                  Defense                  Time % Phy DF OF 
 1 Kevan Miller             Nick Jensen              60     1   4  0  
 2 David Savard             Drew Doughty             40     1   4  0  

Penalty Kill - 3 Players Forward 
   Forward                                           Time % Phy DF OF 
 1 Nate Thompson                                     60     0   5  0  
 2 Pavel Zacha                                       40     0   5  0  

Penalty Kill - 3 Players Defense
   Defense                  Defense                  Time % Phy DF OF 
 1 Nick Jensen              Kevan Miller             60     0   5  0  
 2 David Savard             Drew Doughty             40     0   5  0  

4 vs 4 Forward 
   Center                   Wing                     Time % Phy DF OF 
 1 David Krejci             Sam Reinhart             60     0   2  3  
 2 Jeff Carter              Anders Lee               40     0   2  3  

4 vs 4 Defense
   Defense                  Defense                  Time % Phy DF OF 
 1 Victor Hedman            Drew Doughty             60     0   2  3  
 2 David Savard             Kevan Miller             40     0   3  2  

Last Minutes Offensive
   Center                   Left Wing                Right Wing               Defense                  Defense                  
   David Krejci             Anders Lee               Sam Reinhart             Drew Doughty             Victor Hedman            

Last Minutes Defensive
   Center                   Left Wing                Right Wing               Defense                  Defense                  
   Nate Thompson            Leo Komarov              David Kampf              Kevan Miller             Nick Jensen              

Goaltenders
Starting : Carey Price              
Backup : Curtis McElhinney        

Extra Forwards
Normal : Sam Reinhart, David Krejci, Anders Lee - PP : Sam Reinhart, Nick Bjugstad - PK : Pavel Zacha
Extra Defensemen
Normal : Drew Doughty, Victor Hedman, Nick Jensen - PP : Victor Hedman - PK : David Savard, Nick Jensen
Penalty Shots
Sam Reinhart, David Kampf, Nick Bjugstad, David Savard, Brandon Manning
Custom OT Lines Forwards
Sam Reinhart, Anders Lee, David Krejci, Alex Chiasson, Jeff Carter, Pavel Zacha, Nick Bjugstad, Ryan Donato, Nate Thompson, David Kampf
Custom OT Lines Defensemen
Drew Doughty, Victor Hedman, David Savard, Nick Jensen, Kevan Miller

Scratches
Reid Petryk (Healthy), John Ramage (Healthy), Alex Biega (Healthy)

% Time on Ice - Sharks

Lines # - Real PCT - Wanted PCT - Time Play
Normal Forward
1 - 29% - 35% - 15:33
2 - 32% - 35% - 17:24
3 - 27% - 25% - 14:27
4 - 12% - 5% - 6:39
Normal Defense
1 - 38% - 38% - 20:47
2 - 39% - 38% - 20:51
3 - 23% - 24% - 12:25
4 - 0% - 0% - 0:00
PP Forward
1 - 53% - 60% - 2:06
2 - 47% - 40% - 1:52
PP Defense
1 - 60% - 60% - 2:22
2 - 40% - 40% - 1:36
PK Forward
1 - 94% - 55% - 1:52
2 - 6% - 45% - 0:07
PK Defense
1 - 61% - 55% - 1:13
2 - 39% - 45% - 0:46
PK3 Forward
1 - 0% - 55%
2 - 0% - 45%
PK3 Defense
1 - 0% - 55%
2 - 0% - 45%
44 Forward
1 - 0% - 55%
2 - 0% - 45%
44 Defense
1 - 0% - 55%
2 - 0% - 45%
Last Minute Offensive  - 0:00
Last Minute Defensive  - 0:00
Total
Forward - 60:00
Defense - 60:00

% Time on Ice - Flames

Lines # - Real PCT - Wanted PCT - Time Play
Normal Forward
1 - 32% - 36% - 17:24
2 - 31% - 32% - 16:44
3 - 25% - 22% - 13:20
4 - 12% - 10% - 6:35
Normal Defense
1 - 37% - 37% - 19:47
2 - 33% - 33% - 17:44
3 - 24% - 20% - 12:49
4 - 7% - 10% - 3:43
PP Forward
1 - 56% - 60% - 1:07
2 - 44% - 40% - 0:52
PP Defense
1 - 66% - 60% - 1:18
2 - 34% - 40% - 0:41
PK Forward
1 - 70% - 60% - 2:47
2 - 30% - 40% - 1:11
PK Defense
1 - 76% - 60% - 3:01
2 - 24% - 40% - 0:57
PK3 Forward
1 - 0% - 60%
2 - 0% - 40%
PK3 Defense
1 - 0% - 60%
2 - 0% - 40%
44 Forward
1 - 0% - 60%
2 - 0% - 40%
44 Defense
1 - 0% - 60%
2 - 0% - 40%
Last Minute Offensive  - 0:00
Last Minute Defensive  - 0:00
Total
Forward - 60:00
Defense - 60:00

Play-by-Play

1st period


0:01 of 1st period - David Krejci wins face-off versus Sidney Crosby in neutral zone.
0:05 of 1st period - Icing by Jonathan Huberdeau.
0:06 of 1st period - Sidney Crosby wins face-off versus David Krejci in Sharks zone.
0:11 of 1st period - Wrist shot by David Krejci.
0:11 of 1st period - Shot Blocked by Justin Faulk.
0:39 of 1st period - Snap shot by Dylan Larkin.
0:39 of 1st period - Shot Misses the Net.
1:13 of 1st period - Backhand shot by Colton Sceviour.
1:13 of 1st period - Shot Misses the Net.
1:37 of 1st period - Snap shot by Pavel Zacha.
1:37 of 1st period - Stopped by Jake Allen without a rebound.
1:38 of 1st period - Jeff Carter wins face-off versus Dylan Larkin in Sharks zone.
1:41 of 1st period - Wrist shot by Pavel Zacha.
1:41 of 1st period - Stopped by Jake Allen with a rebound.
2:14 of 1st period - Snap shot by Sam Reinhart.
2:14 of 1st period - Shot Misses the Net.
2:22 of 1st period - David Krejci is hit by Gabriel Landeskog and loses puck.
2:51 of 1st period - Wrist shot by Jonathan Huberdeau.
2:51 of 1st period - Shot Misses the Net.
2:53 of 1st period - Snap shot by Justin Braun.
2:53 of 1st period - Shot Misses the Net.
3:07 of 1st period - Wrist shot by Sidney Crosby.
3:07 of 1st period - Shot Blocked by David Kampf.
3:27 of 1st period - Snap shot by Gabriel Landeskog.
3:27 of 1st period - Shot Misses the Net.
3:29 of 1st period - Slapshot by Justin Braun.
3:29 of 1st period - Stopped by Carey Price without a rebound.
3:30 of 1st period - Dylan Larkin wins face-off versus David Krejci in Flames zone.
3:43 of 1st period - Slapshot by Dylan Larkin.
3:43 of 1st period - Shot Hit the Post.
3:45 of 1st period - Wrist shot by Dylan Larkin.
3:45 of 1st period - Stopped by Carey Price with a rebound.
4:02 of 1st period - Snap shot by Sam Reinhart.
4:02 of 1st period - Stopped by Jake Allen with a rebound.
4:26 of 1st period - Victor Hedman is hit by Andreas Johnsson.
4:32 of 1st period - Snap shot by Brandon Pirri.
4:32 of 1st period - Stopped by Carey Price with a rebound.
4:34 of 1st period - Slapshot by Mirco Mueller.
4:34 of 1st period - Deflect By Brandon Pirri.
4:34 of 1st period - Stopped by Carey Price without a rebound.
4:35 of 1st period - Jeff Carter wins face-off versus Dylan Larkin in Flames zone.
5:52 of 1st period - Andreas Johnsson is hit by Nate Thompson and loses puck.
5:58 of 1st period - Off-side.
5:59 of 1st period - Jeff Carter wins face-off versus Dylan Larkin in neutral zone.
6:10 of 1st period - Slapshot by Jonathan Drouin.
6:10 of 1st period - Shot Misses the Net.
6:12 of 1st period - Slapshot by Mirco Mueller.
6:12 of 1st period - Stopped by Carey Price without a rebound.
6:13 of 1st period - David Krejci wins face-off versus Dylan Larkin in Flames zone.
7:21 of 1st period - Slapshot by Zach Werenski.
7:21 of 1st period - Shot Blocked by David Kampf.
7:53 of 1st period - Snap shot by Dylan Larkin.
7:53 of 1st period - Shot Blocked by Anders Lee.
8:07 of 1st period - Snap shot by Jeff Carter.
8:07 of 1st period - Shot Misses the Net.
8:09 of 1st period - Slapshot by Drew Doughty.
8:09 of 1st period - Stopped by Jake Allen with a rebound.
8:11 of 1st period - Wrist shot by Alex Chiasson.
8:11 of 1st period - Shot Blocked by Justin Faulk.
8:15 of 1st period - Slapshot by Jeff Carter.
8:15 of 1st period - Shot Misses the Net.
8:25 of 1st period - Snap shot by Nick Bjugstad.
8:25 of 1st period - Stopped by Jake Allen with a rebound.
8:27 of 1st period - Slapshot by Victor Hedman.
8:27 of 1st period - Shot Blocked by Justin Faulk.
8:29 of 1st period - Slapshot by Victor Hedman.
8:29 of 1st period - Shot Misses the Net.
8:51 of 1st period - Snap shot by Gabriel Landeskog.
8:51 of 1st period - Shot Misses the Net.
8:53 of 1st period - Slapshot by Alex Pietrangelo.
8:53 of 1st period - Deflect By Nate Thompson.
8:53 of 1st period - Stopped by Carey Price without a rebound.
8:54 of 1st period - Jeff Carter wins face-off versus Jonathan Huberdeau in Flames zone.
9:33 of 1st period - Snap shot by Pavel Zacha.
9:33 of 1st period - Shot Misses the Net.
9:35 of 1st period - Snap shot by Alex Chiasson.
9:35 of 1st period - Shot Misses the Net.
9:37 of 1st period - Wrist shot by Pavel Zacha.
9:37 of 1st period - Shot Misses the Net.
9:39 of 1st period - Snap shot by Pavel Zacha.
9:39 of 1st period - Stopped by Jake Allen with a rebound.
9:51 of 1st period - Slapshot by Alex Chiasson.
9:51 of 1st period - Stopped by Jake Allen without a rebound.
9:52 of 1st period - Dylan Larkin wins face-off versus David Krejci in Sharks zone.
10:01 of 1st period - Wrist shot by Teuvo Teravainen.
10:01 of 1st period - Stopped by Carey Price with a rebound.
10:12 of 1st period - Off-side.
10:13 of 1st period - David Kampf wins face-off versus Boone Jenner in neutral zone.
10:20 of 1st period - Snap shot by Nick Bjugstad.
10:20 of 1st period - Stopped by Jake Allen without a rebound.
10:21 of 1st period - Boone Jenner wins face-off versus David Krejci in Sharks zone.
10:56 of 1st period - Wrist shot by Teuvo Teravainen.
10:56 of 1st period - Stopped by Carey Price without a rebound.
10:57 of 1st period - Dylan Larkin wins face-off versus David Krejci in Flames zone.
10:58 of 1st period - Wrist shot by Teuvo Teravainen.
10:58 of 1st period - Shot Misses the Net.
11:12 of 1st period - Nick Jensen is hit by Jonathan Drouin and loses puck.
11:19 of 1st period - Victor Hedman is hit by Jonathan Drouin and loses puck.
11:30 of 1st period - David Krejci is hit by Justin Braun.
11:54 of 1st period - Anders Lee is hit by Jonathan Drouin and loses puck.
12:07 of 1st period - Slapshot by Anders Lee.
12:07 of 1st period - Shot Hit the Post.
12:09 of 1st period - Snap shot by Anders Lee.
12:09 of 1st period - Shot Misses the Net.
12:35 of 1st period - Snap shot by Sam Reinhart.
12:35 of 1st period - Stopped by Jake Allen without a rebound.
12:36 of 1st period - Jeff Carter wins face-off versus Sidney Crosby in Sharks zone.
12:47 of 1st period - Snap shot by Jonathan Huberdeau.
12:47 of 1st period - Shot Misses the Net.
13:24 of 1st period - Wrist shot by Michael Raffl.
13:24 of 1st period - Deflect By Colton Sceviour.
13:24 of 1st period - Shot Blocked by Drew Doughty.
13:24 of 1st period - Puck is out of play.
13:25 of 1st period - Victor Rask wins face-off versus Juho Lammikko in Flames zone.
13:48 of 1st period - Slapshot by Shea Theodore.
13:48 of 1st period - Shot Misses the Net.
13:50 of 1st period - Slapshot by Alex Pietrangelo.
13:50 of 1st period - Shot Blocked by Brandon Manning.
13:52 of 1st period - Wrist shot by Juho Lammikko.
13:52 of 1st period - Stopped by Carey Price with a rebound.
13:58 of 1st period - Snap shot by Alex Pietrangelo.
13:58 of 1st period - Stopped by Carey Price with a rebound.
14:00 of 1st period - Wrist shot by Justin Faulk.
14:00 of 1st period - Stopped by Carey Price without a rebound.
14:01 of 1st period - Sidney Crosby wins face-off versus Jeff Carter in Flames zone.
14:02 of 1st period - Snap shot by Jonathan Huberdeau.
14:02 of 1st period - Shot Blocked by David Savard.
14:04 of 1st period - Slapshot by Justin Faulk.
14:04 of 1st period - Deflect By Jonathan Huberdeau.
14:04 of 1st period - Shot Misses the Net.
14:04 of 1st period - Puck is out of play.
14:05 of 1st period - Sidney Crosby wins face-off versus Jeff Carter in Flames zone.
14:34 of 1st period - Slapshot by Drew Doughty.
14:34 of 1st period - Shot Blocked by Teuvo Teravainen.
14:36 of 1st period - Snap shot by David Kampf.
14:36 of 1st period - Stopped by Jake Allen with a rebound.
14:38 of 1st period - Slapshot by David Savard.
14:38 of 1st period - Shot Blocked by Jonathan Drouin.
14:40 of 1st period - Backhand shot by David Kampf.
14:40 of 1st period - Shot Blocked by Alex Pietrangelo.
14:42 of 1st period - Snap shot by Nick Bjugstad.
14:42 of 1st period - Stopped by Jake Allen with a rebound.
14:56 of 1st period - Slapshot by Alex Pietrangelo.
14:56 of 1st period - Shot Blocked by Victor Hedman.
14:58 of 1st period - Slapshot by Justin Faulk.
14:58 of 1st period - Deflect By Andreas Johnsson.
14:58 of 1st period - Stopped by Carey Price without a rebound.
14:59 of 1st period - Jeff Carter wins face-off versus Boone Jenner in Flames zone.
15:51 of 1st period - Slapshot by Victor Hedman.
15:51 of 1st period - Stopped by Jake Allen with a rebound.
17:22 of 1st period - Snap shot by Jeff Carter.
17:22 of 1st period - Shot Misses the Net.
17:24 of 1st period - Wrist shot by Jeff Carter.
17:24 of 1st period - Shot Misses the Net.
17:46 of 1st period - Jonathan Drouin is hit by Kevan Miller and loses puck.
17:59 of 1st period - Wrist shot by Jeff Carter.
17:59 of 1st period - Stopped by Jake Allen without a rebound.
18:00 of 1st period - David Krejci wins face-off versus Jonathan Huberdeau in Sharks zone.
18:12 of 1st period - Icing by Mirco Mueller.
18:13 of 1st period - David Krejci wins face-off versus Jonathan Huberdeau in Sharks zone.
18:20 of 1st period - Wrist shot by Gabriel Landeskog.
18:20 of 1st period - Shot Misses the Net.
18:22 of 1st period - Slapshot by Gabriel Landeskog.
18:22 of 1st period - Shot Misses the Net.
18:24 of 1st period - Slapshot by Jonathan Huberdeau.
18:24 of 1st period - Stopped by Carey Price with a rebound.
18:48 of 1st period - Wrist shot by Sidney Crosby.
18:48 of 1st period - Shot Misses the Net.
18:50 of 1st period - Slapshot by Mirco Mueller.
18:50 of 1st period - Stopped by Carey Price without a rebound.
18:51 of 1st period - Boone Jenner wins face-off versus David Kampf in Flames zone.
19:04 of 1st period - Wrist shot by Ryan Donato.
19:04 of 1st period - Shot Misses the Net.
19:06 of 1st period - Wrist shot by David Kampf.
19:06 of 1st period - Shot Misses the Net.
19:16 of 1st period - Dylan Larkin is hit by Leo Komarov and loses puck.
19:37 of 1st period - Colton Sceviour is hit by Anders Lee and loses puck.
19:56 of 1st period - Kevan Miller is hit by Sidney Crosby.
Goals for this period are 0 for Sharks vs 0 for Flames.
Shots for this period are 14 for Sharks vs 13 for Flames.

2nd period


0:01 of 2nd period - Sidney Crosby wins face-off versus David Krejci in neutral zone.
0:11 of 2nd period - Off-side.
0:12 of 2nd period - David Krejci wins face-off versus Sidney Crosby in neutral zone.
0:27 of 2nd period - Snap shot by Jonathan Huberdeau.
0:27 of 2nd period - Shot Misses the Net.
0:29 of 2nd period - Slapshot by Justin Braun.
0:29 of 2nd period - Shot Blocked by Anders Lee.
0:41 of 2nd period - Wrist shot by Brandon Pirri.
0:41 of 2nd period - Goal by Brandon Pirri - Sharks : 1 - Flames : 0.
0:42 of 2nd period - Dylan Larkin wins face-off versus Jeff Carter in neutral zone.
1:36 of 2nd period - Nick Bjugstad is hit by Boone Jenner and loses puck.
1:41 of 2nd period - Snap shot by Andreas Johnsson.
1:41 of 2nd period - Stopped by Carey Price without a rebound.
1:42 of 2nd period - Boone Jenner wins face-off versus Alex Chiasson in Flames zone.
1:43 of 2nd period - Snap shot by Andreas Johnsson.
1:43 of 2nd period - Shot Misses the Net.
1:45 of 2nd period - Wrist shot by Andreas Johnsson.
1:45 of 2nd period - Shot Misses the Net.
1:47 of 2nd period - Snap shot by Zach Werenski.
1:47 of 2nd period - Deflect By Jeff Carter.
1:47 of 2nd period - Stopped by Carey Price without a rebound.
1:48 of 2nd period - Jeff Carter wins face-off versus Boone Jenner in Flames zone.
1:52 of 2nd period - Off-side.
1:53 of 2nd period - Jonathan Huberdeau wins face-off versus David Krejci in neutral zone.
2:24 of 2nd period - Off-side.
2:25 of 2nd period - David Kampf wins face-off versus Boone Jenner in neutral zone.
3:01 of 2nd period - Slapshot by Victor Hedman.
3:01 of 2nd period - Shot Blocked by Zach Werenski.
3:03 of 2nd period - Wrist shot by David Kampf.
3:03 of 2nd period - Shot Blocked by Zach Werenski.
4:11 of 2nd period - Slapshot by Victor Hedman.
4:11 of 2nd period - Shot Blocked by Justin Faulk.
4:13 of 2nd period - Snap shot by David Krejci.
4:13 of 2nd period - Stopped by Jake Allen with a rebound.
4:15 of 2nd period - Backhand shot by Victor Hedman.
4:15 of 2nd period - Stopped by Jake Allen without a rebound.
4:16 of 2nd period - Dylan Larkin wins face-off versus Jeff Carter in Sharks zone.
4:41 of 2nd period - Zach Werenski is hit by Nick Bjugstad and loses puck.
5:10 of 2nd period - Wrist shot by Dylan Larkin.
5:10 of 2nd period - Shot Blocked by Drew Doughty.
5:52 of 2nd period - Wrist shot by Sam Reinhart.
5:52 of 2nd period - Deflect By Jonathan Drouin.
5:52 of 2nd period - Stopped by Jake Allen without a rebound.
5:53 of 2nd period - Sidney Crosby wins face-off versus Jeff Carter in Sharks zone.
6:19 of 2nd period - Anders Lee is hit by Brandon Pirri and loses puck.
6:28 of 2nd period - Brandon Manning is hit by Justin Braun and loses puck.
6:35 of 2nd period - Zach Werenski is hit by Anders Lee and loses puck.
6:46 of 2nd period - Nick Jensen is hit by Michael Raffl and loses puck.
6:55 of 2nd period - Slapshot by Shea Theodore.
6:55 of 2nd period - Shot Blocked by David Kampf.
6:57 of 2nd period - Slapshot by Mirco Mueller.
6:57 of 2nd period - Stopped by Carey Price with a rebound.
6:59 of 2nd period - Slapshot by Juho Lammikko.
6:59 of 2nd period - Stopped by Carey Price with a rebound.
7:08 of 2nd period - Off-side.
7:09 of 2nd period - Jeff Carter wins face-off versus Jonathan Huberdeau in neutral zone.
7:36 of 2nd period - Andreas Johnsson is hit by Victor Rask.
7:41 of 2nd period - Justin Faulk is hit by Drew Doughty and loses puck.
7:46 of 2nd period - Snap shot by Andreas Johnsson.
7:46 of 2nd period - Goal by Andreas Johnsson - Sharks : 2 - Flames : 0.
7:47 of 2nd period - David Krejci wins face-off versus Jonathan Huberdeau in neutral zone.
7:49 of 2nd period - Minor Penalty to Anders Lee for Roughing.
7:50 of 2nd period - Nate Thompson wins face-off versus Sidney Crosby in Flames zone.
8:22 of 2nd period - Slapshot by Shea Theodore.
8:22 of 2nd period - Shot Blocked by Nick Jensen.
9:23 of 2nd period - Icing by Gabriel Landeskog.
9:24 of 2nd period - Gabriel Landeskog wins face-off versus David Kampf in Sharks zone.
9:40 of 2nd period - David Savard is hit by Justin Faulk and loses puck.
9:49 of 2nd period - Penalty to Anders Lee is over, Anders Lee is back on ice.
10:01 of 2nd period - Snap shot by Brandon Pirri.
10:01 of 2nd period - Shot Misses the Net.
10:15 of 2nd period - Drew Doughty is hit by Zach Werenski and loses puck.
10:32 of 2nd period - Backhand shot by Zach Werenski.
10:32 of 2nd period - Stopped by Carey Price with a rebound.
10:34 of 2nd period - Slapshot by Jonathan Drouin.
10:34 of 2nd period - Shot Blocked by Nick Jensen.
12:45 of 2nd period - Backhand shot by Brandon Pirri.
12:45 of 2nd period - Stopped by Carey Price without a rebound.
12:46 of 2nd period - Boone Jenner wins face-off versus Victor Rask in Flames zone.
12:56 of 2nd period - Victor Hedman is hit by Justin Braun and loses puck.
12:59 of 2nd period - Slapshot by Nate Thompson.
12:59 of 2nd period - Stopped by Jake Allen with a rebound.
13:17 of 2nd period - Slapshot by Sam Reinhart.
13:17 of 2nd period - Stopped by Jake Allen with a rebound.
13:49 of 2nd period - Backhand shot by Brandon Pirri.
13:49 of 2nd period - Shot Misses the Net.
13:57 of 2nd period - Wrist shot by Brandon Pirri.
13:57 of 2nd period - Stopped by Carey Price with a rebound.
13:59 of 2nd period - Slapshot by Boone Jenner.
13:59 of 2nd period - Stopped by Carey Price without a rebound.
14:00 of 2nd period - Sidney Crosby wins face-off versus Jeff Carter in Flames zone.
14:03 of 2nd period - Wrist shot by Jonathan Huberdeau.
14:03 of 2nd period - Stopped by Carey Price without a rebound.
14:04 of 2nd period - Sidney Crosby wins face-off versus Jeff Carter in Flames zone.
15:06 of 2nd period - Icing by Drew Doughty.
15:07 of 2nd period - Sidney Crosby wins face-off versus David Kampf in Flames zone.
15:36 of 2nd period - Snap shot by Boone Jenner.
15:36 of 2nd period - Shot Blocked by Drew Doughty.
15:38 of 2nd period - Wrist shot by Brandon Pirri.
15:38 of 2nd period - Goal by Brandon Pirri - Sharks : 3 - Flames : 0.
15:39 of 2nd period - Sidney Crosby wins face-off versus Alex Chiasson in neutral zone.
15:52 of 2nd period - Slapshot by Drew Doughty.
15:52 of 2nd period - Deflect By Sidney Crosby.
15:52 of 2nd period - Stopped by Jake Allen with a rebound.
15:54 of 2nd period - Snap shot by Jeff Carter.
15:54 of 2nd period - Stopped by Jake Allen without a rebound.
15:55 of 2nd period - David Krejci wins face-off versus Dylan Larkin in Sharks zone.
15:58 of 2nd period - Snap shot by Sam Reinhart.
15:58 of 2nd period - Stopped by Jake Allen without a rebound.
15:59 of 2nd period - Dylan Larkin wins face-off versus David Krejci in Sharks zone.
16:04 of 2nd period - Wrist shot by Sam Reinhart.
16:04 of 2nd period - Deflect By David Krejci.
16:04 of 2nd period - Shot Misses the Net.
16:04 of 2nd period - Puck is out of play.
16:05 of 2nd period - Dylan Larkin wins face-off versus David Krejci in Sharks zone.
16:05 of 2nd period - Dylan Larkin is hit by David Krejci.
16:56 of 2nd period - Dylan Larkin is hit by Anders Lee and loses puck.
17:09 of 2nd period - Wrist shot by David Krejci.
17:09 of 2nd period - Shot Blocked by Alex Pietrangelo.
17:11 of 2nd period - Slapshot by Victor Hedman.
17:11 of 2nd period - Shot Misses the Net.
17:13 of 2nd period - Slapshot by Drew Doughty.
17:13 of 2nd period - Shot Misses the Net.
17:23 of 2nd period - Snap shot by Anders Lee.
17:23 of 2nd period - Stopped by Jake Allen with a rebound.
17:25 of 2nd period - Slapshot by Drew Doughty.
17:25 of 2nd period - Shot Blocked by Teuvo Teravainen.
17:27 of 2nd period - Slapshot by Victor Hedman.
17:27 of 2nd period - Shot Blocked by Justin Faulk.
17:39 of 2nd period - Snap shot by Dylan Larkin.
17:39 of 2nd period - Shot Misses the Net.
17:45 of 2nd period - Slapshot by Victor Hedman.
17:45 of 2nd period - Goal by Victor Hedman - Sharks : 3 - Flames : 1.
17:46 of 2nd period - Sidney Crosby wins face-off versus Jeff Carter in neutral zone.
17:51 of 2nd period - Slapshot by Zach Werenski.
17:51 of 2nd period - Stopped by Carey Price without a rebound.
17:52 of 2nd period - Jeff Carter wins face-off versus Sidney Crosby in Flames zone.
18:07 of 2nd period - Wrist shot by Pavel Zacha.
18:07 of 2nd period - Deflect By Alex Chiasson.
18:07 of 2nd period - Stopped by Jake Allen without a rebound.
18:08 of 2nd period - Boone Jenner wins face-off versus Nick Bjugstad in Sharks zone.
18:15 of 2nd period - Snap shot by Brandon Pirri.
18:15 of 2nd period - Stopped by Carey Price without a rebound.
18:16 of 2nd period - Boone Jenner wins face-off versus David Kampf in Flames zone.
18:37 of 2nd period - Minor Penalty to Boone Jenner for Roughing.
18:38 of 2nd period - David Krejci wins face-off versus Michael Raffl in Sharks zone.
18:41 of 2nd period - Slapshot by Victor Hedman.
18:41 of 2nd period - Stopped by Jake Allen without a rebound.
18:42 of 2nd period - David Krejci wins face-off versus Michael Raffl in Sharks zone.
19:13 of 2nd period - Slapshot by Alex Chiasson.
19:13 of 2nd period - Stopped by Jake Allen without a rebound.
19:14 of 2nd period - David Krejci wins face-off versus Jonathan Huberdeau in Sharks zone.
Goals for this period are 3 for Sharks vs 1 for Flames.
Shots for this period are 14 for Sharks vs 13 for Flames.

3rd period


0:01 of 3rd period - Michael Raffl wins face-off versus David Krejci in neutral zone.
0:37 of 3rd period - Penalty to Boone Jenner is over, Boone Jenner is back on ice.
1:00 of 3rd period - Snap shot by Sidney Crosby.
1:00 of 3rd period - Stopped by Carey Price with a rebound.
1:26 of 3rd period - Slapshot by Alex Chiasson.
1:26 of 3rd period - Stopped by Jake Allen without a rebound.
1:27 of 3rd period - Jeff Carter wins face-off versus Sidney Crosby in Sharks zone.
2:15 of 3rd period - Victor Hedman is hit by Justin Faulk and loses puck.
2:40 of 3rd period - Slapshot by Drew Doughty.
2:40 of 3rd period - Stopped by Jake Allen with a rebound.
2:42 of 3rd period - Snap shot by Leo Komarov.
2:42 of 3rd period - Shot Misses the Net.
2:44 of 3rd period - Slapshot by Drew Doughty.
2:44 of 3rd period - Deflect By Victor Rask.
2:44 of 3rd period - Shot Blocked by Colton Sceviour.
2:44 of 3rd period - Puck is out of play.
2:45 of 3rd period - Sidney Crosby wins face-off versus Alex Chiasson in Sharks zone.
2:50 of 3rd period - Jeff Carter is hit by Jonathan Huberdeau and loses puck.
3:11 of 3rd period - David Krejci is hit by Brandon Pirri and loses puck.
4:27 of 3rd period - Nick Jensen is hit by Mirco Mueller and loses puck.
4:44 of 3rd period - Andreas Johnsson is hit by Sam Reinhart and loses puck.
5:11 of 3rd period - Alex Pietrangelo is hit by David Savard and loses puck.
5:28 of 3rd period - Zach Werenski is hit by Victor Hedman and loses puck.
5:33 of 3rd period - Slapshot by Ryan Donato.
5:33 of 3rd period - Shot Misses the Net.
5:35 of 3rd period - Wrist shot by David Kampf.
5:35 of 3rd period - Deflect By Ryan Donato.
5:35 of 3rd period - Stopped by Jake Allen with a rebound.
5:37 of 3rd period - Snap shot by Brandon Manning.
5:37 of 3rd period - Shot Misses the Net.
5:39 of 3rd period - Snap shot by Brandon Manning.
5:39 of 3rd period - Shot Misses the Net.
5:49 of 3rd period - Michael Raffl is hit by Pavel Zacha and loses puck.
6:33 of 3rd period - Leo Komarov is hit by Mirco Mueller and loses puck.
6:56 of 3rd period - Slapshot by Jonathan Huberdeau.
6:56 of 3rd period - Deflect By Sidney Crosby.
6:56 of 3rd period - Stopped by Carey Price without a rebound.
6:57 of 3rd period - Dylan Larkin wins face-off versus Jeff Carter in Flames zone.
7:03 of 3rd period - Minor Penalty to Kevan Miller for Interference.
7:04 of 3rd period - Sidney Crosby wins face-off versus Nate Thompson in Flames zone.
7:04 of 3rd period - Slapshot by Jonathan Huberdeau.
7:04 of 3rd period - Stopped by Carey Price without a rebound.
7:05 of 3rd period - Nate Thompson wins face-off versus Sidney Crosby in Flames zone.
8:55 of 3rd period - Jonathan Huberdeau is hit by Pavel Zacha and loses puck.
9:03 of 3rd period - Penalty to Kevan Miller is over, Kevan Miller is back on ice.
9:12 of 3rd period - Slapshot by Victor Hedman.
9:12 of 3rd period - Stopped by Jake Allen without a rebound.
9:13 of 3rd period - David Krejci wins face-off versus Boone Jenner in Sharks zone.
9:29 of 3rd period - David Krejci is hit by Brandon Pirri and loses puck.
9:46 of 3rd period - Slapshot by Michael Raffl.
9:46 of 3rd period - Stopped by Carey Price with a rebound.
9:48 of 3rd period - Snap shot by Justin Braun.
9:48 of 3rd period - Stopped by Carey Price without a rebound.
9:49 of 3rd period - Jeff Carter wins face-off versus Juho Lammikko in Flames zone.
9:49 of 3rd period - Jeff Carter is hit by Michael Raffl.
10:03 of 3rd period - Wrist shot by Michael Raffl.
10:03 of 3rd period - Stopped by Carey Price without a rebound.
10:04 of 3rd period - Jonathan Huberdeau wins face-off versus David Krejci in Flames zone.
10:15 of 3rd period - Slapshot by Drew Doughty.
10:15 of 3rd period - Shot Misses the Net.
10:17 of 3rd period - Slapshot by David Savard.
10:17 of 3rd period - Stopped by Jake Allen without a rebound.
10:18 of 3rd period - Jeff Carter wins face-off versus Sidney Crosby in Sharks zone.
10:23 of 3rd period - Snap shot by Jeff Carter.
10:23 of 3rd period - Deflect By Jonathan Huberdeau.
10:23 of 3rd period - Stopped by Jake Allen with a rebound.
10:33 of 3rd period - Zach Werenski is hit by Jeff Carter.
10:36 of 3rd period - Off-side.
10:37 of 3rd period - Dylan Larkin wins face-off versus David Krejci in neutral zone.
10:40 of 3rd period - Slapshot by Dylan Larkin.
10:40 of 3rd period - Shot Misses the Net.
10:42 of 3rd period - Snap shot by Alex Pietrangelo.
10:42 of 3rd period - Stopped by Carey Price with a rebound.
10:50 of 3rd period - Snap shot by Dylan Larkin.
10:50 of 3rd period - Deflect By Teuvo Teravainen.
10:50 of 3rd period - Shot Misses the Net.
10:50 of 3rd period - Puck is out of play.
10:51 of 3rd period - Sidney Crosby wins face-off versus Jeff Carter in Flames zone.
11:35 of 3rd period - Snap shot by Justin Braun.
11:35 of 3rd period - Shot Blocked by Victor Hedman.
11:37 of 3rd period - Slapshot by Justin Braun.
11:37 of 3rd period - Stopped by Carey Price without a rebound.
11:38 of 3rd period - Boone Jenner wins face-off versus Ryan Donato in Flames zone.
12:11 of 3rd period - Wrist shot by Ryan Donato.
12:11 of 3rd period - Stopped by Jake Allen with a rebound.
12:13 of 3rd period - Wrist shot by David Kampf.
12:13 of 3rd period - Shot Misses the Net.
12:15 of 3rd period - Wrist shot by Victor Hedman.
12:15 of 3rd period - Stopped by Jake Allen without a rebound.
12:16 of 3rd period - Sidney Crosby wins face-off versus Jeff Carter in Sharks zone.
12:21 of 3rd period - Drew Doughty is hit by Gabriel Landeskog and loses puck.
12:43 of 3rd period - Zach Werenski is hit by Sam Reinhart and loses puck.
13:10 of 3rd period - Slapshot by Victor Hedman.
13:10 of 3rd period - Stopped by Jake Allen with a rebound.
13:51 of 3rd period - Wrist shot by Nick Bjugstad.
13:51 of 3rd period - Shot Misses the Net.
15:07 of 3rd period - Icing by David Savard.
15:08 of 3rd period - Dylan Larkin wins face-off versus Jeff Carter in Flames zone.
16:04 of 3rd period - Slapshot by Justin Braun.
16:04 of 3rd period - Deflect By Brandon Pirri.
16:04 of 3rd period - Shot Misses the Net.
16:04 of 3rd period - Puck is out of play.
16:05 of 3rd period - Sidney Crosby wins face-off versus David Kampf in Flames zone.
16:08 of 3rd period - Slapshot by Gabriel Landeskog.
16:08 of 3rd period - Stopped by Carey Price without a rebound.
16:09 of 3rd period - Sidney Crosby wins face-off versus David Kampf in Flames zone.
16:16 of 3rd period - Wrist shot by Gabriel Landeskog.
16:16 of 3rd period - Deflect By Nick Bjugstad.
16:16 of 3rd period - Stopped by Carey Price without a rebound.
16:17 of 3rd period - Sidney Crosby wins face-off versus David Kampf in Flames zone.
17:10 of 3rd period - Slapshot by Alex Chiasson.
17:10 of 3rd period - Stopped by Jake Allen without a rebound.
17:11 of 3rd period - Brandon Pirri wins face-off versus Jeff Carter in Sharks zone.
17:49 of 3rd period - Wrist shot by Jeff Carter.
17:49 of 3rd period - Shot Misses the Net.
17:59 of 3rd period - Slapshot by Alex Pietrangelo.
17:59 of 3rd period - Shot Blocked by Brandon Manning.
17:59 of 3rd period - Brandon Manning from Flames is injured at 17:59 of 3rd period (Left Knee).
18:00 of 3rd period - Ryan Donato wins face-off versus Boone Jenner in Flames zone.
18:13 of 3rd period - Snap shot by Drew Doughty.
18:13 of 3rd period - Shot Blocked by Brandon Pirri.
18:32 of 3rd period - Slapshot by Justin Faulk.
18:32 of 3rd period - Shot Blocked by David Savard.
18:54 of 3rd period - Slapshot by Pavel Zacha.
18:54 of 3rd period - Stopped by Jake Allen without a rebound.
18:55 of 3rd period - David Kampf wins face-off versus Dylan Larkin in Sharks zone.
19:54 of 3rd period - Snap shot by Teuvo Teravainen.
19:54 of 3rd period - Stopped by Carey Price without a rebound.
19:55 of 3rd period - Jeff Carter wins face-off versus Colton Sceviour in Flames zone.
Goals for this period are 0 for Sharks vs 0 for Flames.
Shots for this period are 11 for Sharks vs 11 for Flames. Output by the SimonT Hockey Simulator (STHS) for Alexandre Lamarre - Original Page W3C HTML5 Valid
Hockey Simulator - Hockey Simulation - Hockey Manager